 Dungeon Crawl Stone Soup version 0.31-a0-496-g6f97920a28 (webtiles) character file.

Game seed: 7112990696434141096

128 randomguy2701 the Stinger (level 5, -2/32 HPs)
             Began as an Octopode Venom Mage on Aug 8, 2023.
             Slain by a phantom (3 damage)
             ... on level 4 of the Dungeon.
             The game lasted 00:03:03 (3768 turns).

randomguy2701 the Stinger (Octopode Venom Mage)     Turns: 3768, Time: 00:03:03

Health: -2/32      AC:  1    Str:  7    XL:     5   Next: 11%
Magic:  9/9        EV: 13    Int: 19    God:
Gold:   154        SH:  0    Dex: 13    Spells: 8/9 levels left

rFire   + . .        (no weapon)
rCold   x . .        (no shield)
rNeg    . . .        (helmet restricted)
rPois   .            (no amulet)
rElec   .            h - ring of fire
rCorr   .            (no ring)
SInv    .            (no ring)
Will    .....        (no ring)
Stlth   +++          (no ring)
HPRegen 0.25/turn    (no ring)
MPRegen 0.11/turn    (no ring)
                     (no ring)

%: no passive effects
@: no status effects
A: almost no armour, amphibious, 8 rings, camouflage 1, gelatinous body 1,
(nimble swimmer 1), tentacles
a: no special abilities


You were on level 4 of the Dungeon.
You visited 1 branch of the dungeon, and saw 4 of its levels.

You collected 154 gold pieces.

Inventory:

Missiles
 e - a throwing net
Jewellery
 h - a ring of fire (left tentacle)
 k - an amulet of faith
Scrolls
 f - 3 scrolls of noise {unknown}
 g - a scroll of summoning {unknown}
 i - a scroll of blinking {unknown}
 l - 2 scrolls of teleportation {unknown}
 n - 2 scrolls of identify {unknown}
 o - 2 scrolls of immolation {unknown}
 p - a scroll of fear {unknown}
 r - a scroll of revelation {unknown}
Potions
 a - a potion of magic
 b - 3 potions of heal wounds {unknown}
 c - a potion of enlightenment {unknown}
 d - 2 potions of curing {unknown}
 j - a potion of mutation {unknown}
 m - a potion of lignification {unknown}
 q - a potion of degeneration {unknown}


   Skills:
 + Level 0.3 Fighting
 + Level 2.2 Dodging
 * Level 3.7 Stealth
 + Level 2.9 Spellcasting
 - Level 2.1 Transmutations
 + Level 4.9 Poison Magic


You had 8 spell levels left.
You knew the following spells:

 Your Spells              Type           Power      Damage    Failure   Level
a - Sting                 Tmut/Pois      64%        1d6       3%          1

Your spell library contained the following spells:

 Spells                   Type           Power      Damage    Failure   Level
 Poisonous Vapours        Pois/Air       24%        N/A       9%          2
 Cigotuvi's Dreadful Rot  Necr/Pois/Air  18%        N/A       12%         2
 Ignite Poison            Fire/Tmut/Pois 17%        N/A       17%         3
 Olgreb's Toxic Radiance  Pois           21%        N/A       21%         4
 Mephitic Cloud           Conj/Pois/Air  9%         N/A       24%         3
 Freezing Cloud           Conj/Ice/Air   1%         6-21      99%         5


Dungeon Overview and Level Annotations

Branches:
Dungeon (4/15)
 Temple: D:4-7

Altars:


Innate Abilities, Weirdness & Mutations

You cannot wear most types of armour.
You are amphibious.
You can wear up to eight rings at the same time.
Your skin changes colour to match your surroundings (Stealth+).
Your rubbery body absorbs attacks. (AC +1, EV +1)
((You are camouflaged when in or above water. (Stealth+)))
You have tentacles for arms and can constrict up to eight enemies at once.


Message History

The phantom hits you.
You tentacle-slap the phantom but do no damage.
You squeeze the phantom, but do no damage.
The phantom is heavily damaged.
The phantom barely misses you.
You tentacle-slap the phantom. Your squeeze misses the phantom.
The phantom is heavily damaged.
The phantom closely misses you.
You barely miss the phantom.
The phantom is heavily damaged.
The phantom hits you.
You tentacle-slap the phantom but do no damage.
The phantom is heavily damaged.
The phantom hits you!
You tentacle-slap the phantom but do no damage.
The phantom is heavily damaged.
The phantom completely misses you.
You tentacle-slap the phantom but do no damage.
The phantom is heavily damaged.
The phantom hits you.
* * * LOW HITPOINT WARNING * * *
You tentacle-slap the phantom.
Your tentacle-slap misses the phantom.
The phantom is severely damaged.
The phantom completely misses you.
You completely miss the phantom.
The phantom is heavily damaged.
The phantom barely misses you.
You closely miss the phantom.
The phantom is heavily damaged.
The phantom hits you.
* * * LOW HITPOINT WARNING * * *
You barely miss the phantom.
The phantom is heavily damaged.
The phantom hits you.
* * * LOW HITPOINT WARNING * * *
The phantom blinks!
You blink.
You tentacle-slap the phantom but do no damage.
The phantom is heavily damaged.
The phantom hits you.
You die...

#.# #.# #.....# #.#
#.###########.....# #.#
#.##..............# #.#
#..#.########.##### #.#
##.#.# #..W....# #.#
#.#.# #####.#.# #.#
#.#.# ...... #.# #.#.#
... #.# #.# #@#§#.#
.#... .# #.# #W§...#
..... .
#.########.#..........[
#..........#.###..
##.##########.#
#...........#.#
##.#####....#.# #.#
#.#..#.# #.# ##.####.#


You could see a phantom.

Vanquished Creatures
  A hound (D:4)
  2 adders
  A gnoll (D:1)
  4 worms
  3 bats
  5 endoplasms
  3 giant cockroaches
  7 goblins
  6 hobgoblins
  3 quokkas
  9 ball pythons
  A frilled lizard (D:1)
  8 kobolds
  6 rats
59 creatures vanquished.

Notes
Turn   | Place    | Note
-------+----------+-------------------------------------------
     0 | D:1      | randomguy2701 the Octopode Venom Mage began the quest for
                  | the Orb.
     0 | D:1      | Reached XP level 1. HP: 11/11 MP: 3/3
   117 | D:1      | Reached skill level 4 in Poison Magic
   121 | D:1      | Reached XP level 2. HP: 8/17 MP: 3/5
   851 | D:1      | Reached XP level 3. HP: 17/21 MP: 3/6
  2231 | D:2      | Reached XP level 4. HP: 27/27 MP: 1/7
  3634 | D:4      | Reached XP level 5. HP: 19/32 MP: 1/9
  3737 | D:4      | Noticed a phantom
  3767 | D:4      | HP: 1/32 [phantom (5)]
  3768 | D:4      | Slain by a phantom

Illustrated notes

Levels and vault maps discovered:
D:1:      dpeg_arrival_radiant, layout_basic
D:2:      layout_basic
D:3:      layout_basic, st_stairs_9
D:4:      layout_basic, minmay_temple_entry_glass

Skill      XL: |  1  2  3  4 |
---------------+-------------+-----
Poison Magic   | 4 |  4.9
Transmutations | 2 |  2.1
Stealth        | 3 |  3.7
Fighting       | |  0.3
Dodging        | |  2.2
Spellcasting   | |  2.9

Action                     |  1- 3 |  4- 6 || total
---------------------------+-------+-------++-------
  Melee: Unarmed           |    11 |    20 ||    31
         Constrict         |     4 |     1 ||     5
         Tentacles         |     2 |     5 ||     7
   Cast: Sting             |    73 |    51 ||   124
   Stab: Sleeping          |     1 |       ||     1
 Armour: Skin              |     2 |     2 ||     4
  Dodge: Dodged            |    24 |    26 ||    50

Table legend: (Time is in decaauts)
 A = Elapsed time spent in this place.
 B = Non-inter-level travel time spent in this place.
 C = Inter-level travel time spent in this place.
 D = Time resting spent in this place.
 E = Time spent auto-exploring this place.
 F = Levels seen in this place.
 G = Mean time per level.
                   A        B        C        D        E       F      G
               +--------+--------+--------+--------+--------+-----+--------+
         Total |   3766 |   3657 |    109 |      0 |   3260 |   4 |  941.5 |
       Dungeon |   3766 |   3657 |    109 |      0 |   3260 |   4 |  941.5 |
               +--------+--------+--------+--------+--------+-----+--------+

Top non-repeatable levels by time:
     D:1: 1243 daAuts
     D:2: 1216 daAuts
     D:3: 1037 daAuts
     D:4: 269 daAuts
